 Dungeon Crawl Stone Soup version 0.24.0-123-gd5b16e6ec5 (webtiles) character file.

Game seed: 7276611362248681858, levelgen mode: deterministic

23184 Curus the Fighter (level 12, -9/121 HPs)
             Began as a Minotaur Berserker on Feb 9, 2020.
             Was an Elder of Trog.
             Shot with an arrow by Nessos (17 damage)
             ... on level 4 of the Lair of Beasts.
             The game lasted 00:44:59 (12749 turns).

Curus the Fighter (Minotaur Berserker)             Turns: 12749, Time: 00:44:59

Health: -9/121     AC: 19    Str: 22    XL:     12   Next: 69%
Magic:  11/11      EV:  6    Int:  7    God:    Trog [****..]
Gold:   419        SH:  7    Dex: 12    Spells: 11/11 levels left

rFire    . . .     SeeInvis +   r - +1 trident
rCold    + . .     Gourm    .   B - +0 shield
rNeg     . . .     Faith    .   n - +0 chain mail
rPois    +         Spirit   .   (helmet restricted)
rElec    .         Reflect  .   g - +2 cloak
rCorr    .         Harm     .   D - +0 pair of gloves
MR       ++...                  (no boots)
Stlth    ..........             f - amulet of magic regeneration
HPRegen  1.30/turn              y - ring of poison resistance
MPRegen  0.37/turn              u - ring of see invisible

@: regenerating
A: retaliatory headbutt, horns 2, rugged brown scales 1, cold resistance 1
a: Berserk, Trog's Hand, Brothers in Arms, Renounce Religion


You were on level 4 of the Lair of Beasts.
You worshipped Trog.
Trog was greatly pleased with you.
You were not hungry.

You visited 2 branches of the dungeon, and saw 12 of its levels.

You collected 584 gold pieces.
You spent 165 gold pieces at shops.

Inventory:

Hand Weapons
 a - a +0 spear
 p - a +1 antimagic glaive
 r - a +1 trident (weapon)
Armour
 b - a +0 animal skin
 d - a +0 leather armour
 g - a +2 cloak (worn)
 j - a +0 ring mail
 n - a +0 chain mail (worn)
 o - a +4 scale mail of cold resistance
 B - a +0 shield (worn)
 D - a +0 pair of gloves (worn)
 E - a +0 buckler of positive energy
Jewellery
 f - an amulet of magic regeneration (around neck)
 k - an uncursed ring of ice
 q - an uncursed ring of resist corrosion
 u - a ring of see invisible (right hand)
 y - a ring of poison resistance (left hand)
Wands
 m - a wand of flame (17)
 v - a wand of enslavement (8)
 A - a wand of paralysis (6)
Scrolls
 e - 6 scrolls of remove curse
 i - 3 scrolls of teleportation
 l - 8 scrolls of identify
 s - 2 scrolls of magic mapping
 C - 3 scrolls of blinking
Potions
 h - 5 potions of curing
 t - 3 potions of haste
 w - a potion of might
 x - a potion of magic
 z - a potion of invisibility
Comestibles
 c - 32 rations
 F - 5 chunks of flesh


   Skills:
 + Level 14.9 Fighting
 - Level 14.0 Polearms
 + Level 14.7 Armour
 - Level 2.1 Dodging


You had 11 spell levels left.
You didn't know any spells.
Your spell library was empty.

Dungeon Overview and Level Annotations

Branches:
Dungeon (8/15)             Temple (0/1) D:4            Lair (4/6) D:8
 Spider (0/4) Lair:3
  Swamp: Lair:2-4    Shoals: Lair:2-4

Altars:
Ashenzari
Cheibriados
Elyvilon
Gozag
Kikubaaqudgha
Qazlal
Sif Muna
Trog

Shops:
D:7 =

Annotations:
Lair:1 2 transporters, Dalarin's ghost, journeyman SpEn
Lair:4 Nessos


Innate Abilities, Weirdness & Mutations

You reflexively headbutt those who attack you in melee.
You have a pair of horns on your head.
You are partially covered in rugged brown scales. (AC +1, +3% HP)
Your flesh is cold resistant. (rC+)


Message History

The komodo dragon is almost dead.
Nessos intently looks at you, slowly moving their tail.
Nessos blinks!
You block the komodo dragon's attack.
You puncture the komodo dragon!
You kill the komodo dragon!
Trog accepts your kill.
You feel sick.
You hit the porcupine.
The porcupine is lightly wounded.
The porcupine bites you but does no damage.
You puncture the porcupine!
You kill the porcupine!
Trog accepts your kill.
You feel sick.
Nessos shoots an arrow.
The arrow hits you!!
* * * LOW HITPOINT WARNING * * *
The arrow burns you.
* * * LOW HITPOINT WARNING * * *
You feel better.
Nessos shoots an arrow.
You block the arrow.
Nessos shoots an arrow.
The arrow hits you!
You die...

..#..## ##...######
##.#.## ..##.##
#..### #...# #
#.##..# ##.# ##...# #
#.##.## #..## #....#
# #.#..# ##..#
###.#### #.#### #.##
###.##.# #..#
#..######## #....##.
...#
#..#.##.#.####...P.#.
...#
#...@.......####.....
...# ##..#(###.#..#
###..P ...# .
#####(#####.## #...#
...# ..'.#..c.####..#
#.... ...#
#....ยง..#...## ##...
##.# ##..........#
P.#. ##.#
##.....##..# #....
#P.# #.....#.####
.#..# PP.#
#c.......#.#######.#.


You could see Nessos.

Vanquished Creatures
  2 hydras (Lair:2)
  7 death yaks
  An oklob plant (Lair:1)
  A black mamba (Lair:4)
  8 spiny frogs
  A torpor snail (Lair:4)
  A rime drake (Lair:2)
  3 komodo dragons (Lair:4)
  A jumping spider (Lair:3)
  Prince Ribbit (D:7)
  8 blink frogs
  6 hippogriffs
  4 dream sheep (Lair:4)
  A human (D:7)
  18 yaks
  2 wyverns (D:8)
  Eustachio (D:5)
  3 hogs (D:7)
  2 basilisks
  Menkaure (D:7)
  8 water moccasins
  5 porcupines
  Duvessa (D:4)
  3 orc warriors
  5 ogres
  A necrophage (D:5)
  A sky beast (D:8)
  4 wolves (Lair:4)
  2 centaurs
  3 crocodiles
  8 bullfrogs
  A big kobold (D:8)
  Blork the orc (D:4)
  A gnoll sergeant (D:8)
  Dowan (D:4)
  A scorpion (D:8)
  2 wyvern skeletons
  6 killer bees
  5 crimson imps
  5 hounds
  8 orc wizards
  Crazy Yiuf (D:7)
  6 orc priests
  A jelly (D:7)
  A centaur skeleton (D:6)
  3 worker ants
  A hound skeleton (D:4)
  Robin (D:3)
  11 gnolls
  A howler monkey skeleton (D:7)
  11 adders
  2 shadow imps
  2 oozes
  4 worms
  2 dart slugs (D:3)
  6 leopard geckos
  26 orcs
  3 ball pythons
  4 giant cockroaches
  14 hobgoblins
  7 jackals
  15 kobolds
  5 quokkas
  9 bats
  6 frilled lizards
  17 goblins
  2 quokka skeletons
  8 rats
  A butterfly (Lair:1)
  A fungus (D:7)
  A plant (Lair:1)
316 creatures vanquished.

Vanquished Creatures (collateral kills)
  A hippogriff (Lair:2)
1 creature vanquished.

Vanquished Creatures (others)
  13 fungi (Lair:4)
  10 plants (Lair:4)
23 creatures vanquished.

Grand Total: 340 creatures vanquished

Notes
Turn   | Place    | Note
-------+----------+-------------------------------------------
     0 | D:1      | Curus the Minotaur Berserker began the quest for the Orb.
     0 | D:1      | Reached XP level 1. HP: 19/19 MP: 0/0
    38 | D:1      | Gained mutation: You are partially covered in rugged brown
                  | scales. (AC +1, +3% HP) [potion of mutation]
    38 | D:1      | Gained mutation: Your flesh is cold resistant. (rC+)
                  | [potion of mutation]
    86 | D:1      | Reached XP level 2. HP: 20/26 MP: 1/1
   326 | D:1      | Reached skill level 5 in Polearms
   408 | D:1      | Reached ** piety under Trog
   846 | D:2      | Reached XP level 3. HP: 31/31 MP: 2/2
  1493 | D:2      | Reached XP level 4. HP: 39/40 MP: 3/3
  1781 | D:3      | Found a shimmering blue altar of Sif Muna.
  1916 | D:3      | Reached *** piety under Trog
  2161 | D:3      | Found a faded altar of an unknown god.
  2310 | D:3      | Reached XP level 5. HP: 32/46 MP: 4/4
  2323 | D:3      | Found an opulent altar of Gozag.
  2595 | D:4      | Found a staircase to the Ecumenical Temple.
  2595 | D:4      | Noticed Robin
  2608 | D:3      | Killed Robin
  2661 | D:4      | Found a bloodstained altar of Trog.
  2678 | D:4      | Found a white marble altar of Elyvilon.
  2716 | D:4      | Found a white marble altar of Elyvilon.
  2756 | D:4      | Noticed Duvessa
  2757 | D:4      | Noticed Dowan
  2782 | D:4      | Killed Duvessa
  2782 | D:4      | Reached XP level 6. HP: 26/52 MP: 5/5
  2796 | D:4      | Killed Dowan
  3193 | D:4      | Noticed Blork the orc
  3206 | D:4      | Killed Blork the orc
  3310 | D:4      | Reached **** piety under Trog
  3362 | D:4      | Reached XP level 7. HP: 41/58 MP: 6/6
  3654 | D:5      | Entered Level 5 of the Dungeon
  3655 | D:5      | Noticed Eustachio
  3721 | D:5      | Killed Eustachio
  3721 | D:5      | Reached skill level 10 in Polearms
  4267 | D:5      | Found a stormy altar of Qazlal.
  4277 | D:5      | Reached XP level 8. HP: 49/65 MP: 7/7
  4708 | D:6      | Found an ancient bone altar of Kikubaaqudgha.
  5101 | D:7      | Noticed a hippogriff
  5108 | D:7      | Killed a hippogriff
  5124 | D:7      | Found a shattered altar of Ashenzari.
  5732 | D:7      | Found Woladaokk's Jewellery Shoppe.
  5741 | D:7      | Reached XP level 9. HP: 72/72 MP: 8/8
  5824 | D:7      | Bought an uncursed ring of see invisible for 165 gold
                  | pieces
  5930 | D:7      | Noticed Menkaure
  5939 | D:7      | Killed Menkaure
  5943 | D:7      | Reached skill level 5 in Fighting
  6021 | D:7      | Reached skill level 5 in Armour
  6119 | D:7      | Noticed Prince Ribbit
  6133 | D:7      | Killed Prince Ribbit
  6133 | D:7      | Reached ***** piety under Trog
  6497 | D:7      | Found a runed translucent door.
  6498 | D:7      | Noticed Crazy Yiuf
  6508 | D:7      | Killed Crazy Yiuf
  6541 | D:8      | Reached XP level 10. HP: 83/90 MP: 9/9
  6701 | D:8      | Found a staircase to the Lair.
  6711 | Lair:1   | Entered Level 1 of the Lair of Beasts
  6734 | Lair:1   | Noticed a spiny frog
  7028 | D:8      | Found a snail-covered altar of Cheibriados.
  7649 | Lair:1   | Killed a spiny frog
  7656 | Lair:1   | Reached skill level 10 in Fighting
  7716 | Lair:1   | Noticed an oklob plant
  7749 | Lair:1   | Killed an oklob plant
  7756 | Lair:1   | Found a transporter.
  7762 | Lair:1   | Found a bloodstained altar of Trog.
  7762 | Lair:1   | Noticed Dalarin's ghost (journeyman SpEn)
  7764 | Lair:1   | Identified the +8 trident of Vischom {elec, rF++ MR- Dex+8}
  7764 | Lair:1   | Noticed a spriggan rider
  7766 | Lair:1   | Noticed a moth of wrath
  7767 | Lair:1   | Noticed a moth of wrath
  7771 | Lair:1   | Found a transporter.
  7846 | Lair:1   | Reached skill level 10 in Armour
  8744 | Lair:2   | Reached XP level 11. HP: 86/104 MP: 10/10
  8824 | Lair:2   | Noticed a death yak
  8825 | Lair:2   | Noticed a death yak
  8825 | Lair:2   | Noticed a death yak
  8851 | Lair:2   | Killed a death yak
  8857 | Lair:2   | Killed a death yak
  8868 | Lair:2   | Received a gift from Trog
  8879 | Lair:2   | Noticed a six-headed hydra
  8893 | Lair:2   | Killed a death yak
  9126 | Lair:2   | Killed a six-headed hydra
  9691 | Lair:2   | You fall into a shaft and drop 2 floors!
  9739 | Lair:3   | Noticed a death yak
  9739 | Lair:3   | Noticed a death yak
  9741 | Lair:3   | Noticed a death yak
  9743 | Lair:3   | Noticed a death yak
  9785 | Lair:3   | Killed a death yak
  9802 | Lair:3   | Killed a death yak
  9810 | Lair:3   | Killed a death yak
  9811 | Lair:3   | Killed a death yak
 10211 | Lair:3   | Reached XP level 12. HP: 108/118 MP: 11/11
 10360 | Lair:2   | Noticed an eight-headed hydra
 10373 | Lair:2   | Killed an eight-headed hydra
 11082 | Lair:3   | Found a hole to the Spider Nest.
 12725 | Lair:4   | Noticed Nessos
 12748 | Lair:4   | HP: 2/121 [Nessos/arrow (22)]
 12749 | Lair:4   | Shot with an arrow by Nessos

Levels and vault maps discovered:
D:1:      psy_arrival_terrarium, layout_basic
D:2:      layout_loops_ring, nicolae_overflow_hidden_temple, minmay_tromino_v4_b
D:3:      layout_loops_ring, overflow_temple_1_default,
          nicolae_overflow_crystal_walls, chequers_ecumenical_altar_island,
          minmay_strange_pillars
D:4:      layout_loops_cross, overflow_temple_1_default, kennysheep_mini,
          minmay_temple_entry_drinking_statues, gup_sewer_entry_spiral,
          elyvilon_altar_4, uniq_duvessa, uniq_blork_the_orc, uniq_robin
D:5:      layout_basic, first_ration, basic_altar, uniq_eustachio
D:6:      layout_loops_ring, kiku_gazebo_pond_becter
D:7:      layout_basic, lemuel_round_altar, serial_shops, shop, grunt_livestock,
          uniq_menkaure, uniq_crazy_yiuf_cottage, uniq_prince_ribbit1
D:8:      layout_rooms, lair_entry_dummy, basic_altar
Lair:1:   layout_cave_pods, gammafunk_ghost_wrathful_warriors,
          lemuel_fruit_fields, grunt_megastairs_5, minmay_lair_oklob_chamber,
          lemuel_fruit_tree
Lair:2:   layout_loops_ring
Lair:3:   layout_regular_city, spider_nest_entry_a, serial_forest,
          infiniplex_forest_zigzag_2, infiniplex_forest_corner_1,
          infiniplex_forest_zigzag_2, infiniplex_forest_end_double,
          infiniplex_forest_lined_2, infiniplex_forest_end_3,
          infiniplex_forest_clump_small, nicolae_quartered_pool_super,
          serial_bayou_shore_b
Lair:4:   dpeg_oklob_gauntlet, layout_loops_ring, minmay_swamp_entry_worms,
          uniq_nessos

Skill      XL: |  1  2  3  4  5  6  7  8  9 10 11 12 |
---------------+-------------------------------------+-----
Polearms       | 4 5 6 7 8 9 11 13 14 | 14.0
Fighting       | 7 10 13 14 | 14.9
Armour         | 7 10 13 14 | 14.7
Dodging        | |  2.1

Action                   |  1- 3 |  4- 6 |  7- 9 | 10-12 || total
-------------------------+-------+-------+-------+-------++-------
Melee: Spear             |   130 |   219 |    87 |       ||   436
       Headbutt          |    14 |    33 |    68 |   155 ||   270
       Trident           |       |       |   313 |   721 ||  1034
Invok: Berserk           |       |     2 |     4 |     8 ||    14
       Trog's Hand       |       |       |     1 |     2 ||     3
       Brothers in Arms  |       |       |       |     1 ||     1
Evoke: Wand              |       |       |       |     2 ||     2
  Use: Potion            |     5 |     2 |     3 |     5 ||    15
       Scroll            |     4 |     7 |       |     5 ||    16
 Stab: Invisible         |       |       |     1 |       ||     1
  Eat: Chunk             |     2 |     8 |     9 |    13 ||    32
       Ration            |       |       |     2 |     4 ||     6
Armor: Animal skin       |     3 |       |       |       ||     3
       Leather armour    |    13 |     1 |       |       ||    14
       Ring mail         |       |    52 |       |       ||    52
       Chain mail        |       |    11 |   141 |   218 ||   370
Dodge: Dodged            |    56 |    88 |   131 |   159 ||   434
Block: Shield            |       |       |       |    66 ||    66
